 Dungeon Crawl Stone Soup version 0.30-a0-840-ga523dec638 (webtiles) character file.

Game seed: 3410025412618403172

58 Dittersdorf the Trooper (level 4, -2/29 HPs)
             Began as a Gargoyle Fighter on Mar 1, 2023.
             Slain by Crazy Yiuf
             ... wielding a +4 quarterstaff of chaos
              (4 damage)
             ... on level 2 of the Dungeon.
             The game lasted 00:01:18 (1463 turns).

Dittersdorf the Trooper (Gargoyle Fighter)          Turns: 1463, Time: 00:01:19

Health: -2/29      AC: 11    Str: 21    XL:     4   Next: 1%
Magic:  4/4        EV:  9    Int:  9    God:
Gold:   188        SH:  4    Dex:  9    Spells: 3/3 levels left

rFire   . . .      SeeInvis .    a - +0 flail
rCold   . . .      Faith    .    c - +0 buckler
rNeg    + . .      Spirit   .    b - +0 scale mail
rPois   ∞          Reflect  .    (no helmet)
rElec   +          Harm     .    (no cloak)
rCorr   .          Rampage  .    (no gloves)
Will    .....                    f - +0 pair of boots Stlth
                                 (no amulet)
HPRegen 0.24/turn                n - ring of flight
MPRegen 0.09/turn                (no ring)

@: flying
A: sickness immunity, AC +3, negative energy resistance 1, electricity
resistance, torment resistance 1, petrification resistance
a: no special abilities


You were on level 2 of the Dungeon.
You visited 1 branch of the dungeon, and saw 2 of its levels.

You collected 188 gold pieces.

Inventory:

Hand Weapons
 a - a +0 flail (weapon)
Armour
 b - a +0 scale mail (worn)
 c - a +0 buckler (worn)
 f - a +0 pair of boots (worn)
 p - a +0 plate armour
Jewellery
 n - a ring of flight (left hand)
Scrolls
 e - 4 scrolls of identify {unknown}
 i - a scroll of teleportation {unknown}
 j - a scroll of vulnerability {unknown}
 k - a scroll of enchant armour {unknown}
 l - 2 scrolls of noise {unknown}
Potions
 d - a potion of might
 g - 2 potions of haste {unknown}
 h - a potion of magic {unknown}
 o - a potion of brilliance {unknown}


   Skills:
 + Level 3.9 Fighting
 + Level 2.6 Maces & Flails
 + Level 3.8 Armour
 + Level 3.8 Shields


You had 3 spell levels left.
You didn't know any spells.
Your spell library contained the following spells:

 Spells                   Type           Power      Damage    Failure   Level
 Slow                     Hex            0%         N/A       80%         1
 Lesser Beckoning         Tloc           0%         N/A       91%         2
 Confusing Touch          Hex            0%         N/A       99%         3
 Gell's Gravitas          Tloc           0%         N/A       99%         3
 Teleport Other           Tloc           0%         N/A       99%         3
 Vampiric Draining        Necr           0%         2d6       99%         3
 Dispel Undead            Necr           0%         3d6       100%        4
 Death Channel            Necr           0%         N/A       100%        6
 Cigotuvi's Dreadful Rot  Necr/Pois/Air  Unusable   N/A       N/A         2

Dungeon Overview and Level Annotations

Branches:
Dungeon (2/15)

Altars:

Annotations:
D:2 Crazy Yiuf


Innate Abilities, Weirdness & Mutations

You are immune to sickness and miasma.
Your stone body is resilient. (AC +3)
You are immune to poison.
You resist negative energy. (rN+)
You are resistant to electric shocks. (rElec)
You are resistant to unholy torment.
You are immune to petrification.


Message History

You see here a +0 hand axe.
There is an open door here.
Things that are here:
a +0 club; a goblin corpse
There is an open door here.
Crazy Yiuf shouts!
Crazy Yiuf grits, "Ghoul infinity sallow!"
No reachable target in view!
You reach down and open the door.
Crazy Yiuf zaps a wand.
The bolt of dispelling energy hits you!
Throw: 2 darts (poison)
Press: ? - help, Q - select action Shift-Dir - straight line, f - Crazy Yiuf
Aim: Crazy Yiuf, wielding a +4 quarterstaff of chaos, wearing a +0 cloak and carrying a wand of quicksilver (12) (58% to hit)
You throw a poisoned dart.
The poisoned dart closely misses Crazy Yiuf.
Throw: dart (poison)
Press: ? - help, Q - select action Shift-Dir - straight line, f/p - Crazy Yiuf
Aim: Crazy Yiuf, wielding a +4 quarterstaff of chaos, wearing a +0 cloak and carrying a wand of quicksilver (12) (58% to hit)
You throw a poisoned dart. The poisoned dart hits Crazy Yiuf.
Crazy Yiuf is poisoned.
Crazy Yiuf hits you with a +4 quarterstaff of chaos.
You feel yourself slow down.
You hit Crazy Yiuf.
Crazy Yiuf is lightly wounded.
Crazy Yiuf hits you with a +4 quarterstaff of chaos.
You feel protected.
Crazy Yiuf hits you with a +4 quarterstaff of chaos.
You resist with some effort.
You hit Crazy Yiuf but do no damage.
Crazy Yiuf is moderately wounded.
Crazy Yiuf zaps a wand.
The bolt of dispelling energy hits you!
Your magical effects are unravelling.
* * * LOW HITPOINT WARNING * * *
Crazy Yiuf completely misses you.
You barely miss Crazy Yiuf.
Crazy Yiuf is moderately wounded.
You feel yourself speed up.
Your resistance to elements expires.
Crazy Yiuf barely misses you.
Crazy Yiuf hits you with a +4 quarterstaff of chaos.
You die...

####.# ..##.# ..##.#
..##.# ..##.#####
####### #.#.)....#
#.....# ..########
### ########.# ..#
#)..### ##....###.#
^.#
#(..g@####.......#.#
..#
#...##..#........#.#
### ##### ###
###.#....##.#.#
#...# ########..#.#
######.### ##..#.#
....##.# ####
###..##.# ###....#
##..# #...###.#
##....##
#...########...# #.#
...##..#
#.#...........####.#


You could see Crazy Yiuf (poisoned).

Vanquished Creatures
  3 adders (D:2)
  A dart slug (D:2)
  4 ball pythons
  2 endoplasms
  3 goblins (D:2)
  5 hobgoblins
  A quokka (D:1)
  2 bats
  2 frilled lizards
  3 kobolds
  3 rats
29 creatures vanquished.

Notes
Turn   | Place    | Note
-------+----------+-------------------------------------------
     0 | D:1      | Dittersdorf the Gargoyle Fighter began the quest for the
                  | Orb.
     0 | D:1      | Reached XP level 1. HP: 14/14 MP: 1/1
   286 | D:1      | Reached XP level 2. HP: 19/19 MP: 2/2
   817 | D:2      | Reached XP level 3. HP: 20/24 MP: 3/3
   998 | D:2      | Found a runed translucent door.
   999 | D:2      | Noticed Crazy Yiuf
  1338 | D:2      | Found a faded altar of an unknown god.
  1353 | D:2      | Reached XP level 4. HP: 28/29 MP: 4/4
  1462 | D:2      | HP: 1/29 [Crazy Yiuf/bolt of dispelling energy (13)]
  1463 | D:2      | Slain by Crazy Yiuf

Illustrated notes

Levels and vault maps discovered:
D:1:      minmay_arrival_radiant_lines, layout_basic, minmay_indecisive_spiral
D:2:      layout_rooms, shapermc_ecumenical_altar_notcrosses,
          uniq_crazy_yiuf_cottage

Action                     |  1- 3 |  4- 6 || total
---------------------------+-------+-------++-------
  Melee: Flail             |   115 |     3 ||   118
  Throw: Dart              |       |     2 ||     2
 Armour: Scale mail        |    69 |       ||    69
  Dodge: Dodged            |    56 |     2 ||    58
  Block: Buckler           |    42 |       ||    42

Table legend: (Time is in decaauts)
 A = Elapsed time spent in this place.
 B = Non-inter-level travel time spent in this place.
 C = Inter-level travel time spent in this place.
 D = Time resting spent in this place.
 E = Time spent auto-exploring this place.
 F = Levels seen in this place.
 G = Mean time per level.
                   A        B        C        D        E       F      G
               +--------+--------+--------+--------+--------+-----+--------+
         Total |   1501 |   1436 |     65 |      0 |   1133 |   2 |  750.5 |
       Dungeon |   1501 |   1436 |     65 |      0 |   1133 |   2 |  750.5 |
               +--------+--------+--------+--------+--------+-----+--------+

Top non-repeatable levels by time:
     D:1: 758 daAuts
     D:2: 743 daAuts
